 Dungeon Crawl Stone Soup version 0.31.0-11-ge490571c62 (webtiles) character file.

Game seed: 3599676131741330431

74 qw the Shooter (level 4, -7/25 HPs)
             Began as a Deep Elf Hunter on Feb 3, 2024.
             Splashed by a jelly's acid (9 damage)
             ... on level 2 of the Dungeon.
             The game lasted 00:00:03 (721 turns).

qw the Shooter (Deep Elf Hunter)                     Turns: 721, Time: 00:00:03

Health: -7/25      AC:  6    Str: 10    XL:     4   Next: 9%
Magic:  6/6        EV: 11    Int: 14    God:
Gold:   120        SH:  0    Dex: 18    Spells: 3/3 levels left

rFire   . . .        a - +0 shortbow
rCold   . . .        (shield currently unavailable)
rNeg    . . .        i - +0 ring mail
rPois   .            (no helmet)
rElec   .            (no cloak)
rCorr   .            h - +0 pair of gloves
SInv    .            (no boots)
Will    .....        (no amulet)
Stlth   +            (no ring)
HPRegen 0.24/turn    (no ring)
MPRegen 0.10/turn

%: no passive effects
@: no status effects
A: no striking features
a: no special abilities


You were on level 2 of the Dungeon.
You visited 1 branch of the dungeon, and saw 2 of its levels.

You collected 120 gold pieces.


   Skills:
 - Level 1.5 Fighting
 + Level 7.5 Ranged Weapons
 - Level 2.4 Dodging
 - Level 1.2 Stealth


You had 3 spell levels left.
You didn't know any spells.
Your spell library was empty.

Inventory:

Hand Weapons
 a - a +0 shortbow (weapon)
Armour
 h - a +0 pair of gloves (worn)
 i - a +0 ring mail (worn)
 k - a +0 cloak
Scrolls
 b - a scroll of identify {unknown}
 c - a scroll of teleportation {unknown}
 j - a scroll of vulnerability {unknown}
Potions
 d - a potion of heal wounds {unknown}
 e - a potion of resistance {unknown}
 f - a potion of curing {unknown}
 g - a potion of cancellation {unknown}

Dungeon Overview and Level Annotations

Branches:
Dungeon (2/15)

Altars:

Shops:
D:1 :


Message History

You have reached level 4!
You feel clever.
You shoot an arrow. The arrow hits the endoplasm.
The endoplasm is lightly wounded.
An endoplasm comes into view.
The endoplasm barely misses you. The endoplasm misses you.
The endoplasm moves out of view.
You shoot an arrow.
The arrow completely misses the endoplasm.
The endoplasm freezes you.
You are frozen.
You shoot an arrow. The arrow hits the endoplasm.
The endoplasm is severely wounded.
The endoplasm hits you.
You shoot an arrow. The arrow hits the endoplasm!
You kill the endoplasm!
You shoot an arrow. The arrow hits the endoplasm.
The endoplasm is moderately wounded.
The endoplasm freezes you.
You are frozen.
You shoot an arrow. The arrow hits the endoplasm.
The endoplasm is heavily wounded.
The endoplasm hits you.
You shoot an arrow. The arrow hits the endoplasm.
The endoplasm is severely wounded.
The endoplasm freezes you.
You are frozen.
A jelly comes into view.
You shoot an arrow. The arrow barely misses the endoplasm.
The endoplasm freezes you.
You are frozen.
The endoplasm barely misses you.
You shoot an arrow. The arrow hits the endoplasm!
You kill the endoplasm!
You shoot an arrow. The arrow hits the endoplasm!
You kill the endoplasm!
You shoot an arrow. The arrow barely misses the jelly.
The jelly barely misses you.
You shoot an arrow.
The arrow hits the jelly but does no damage.
The jelly hits you.
You are splashed with acid!
You die...

##.....###..#......
#...)...# #........
#.......# ###......
#.......# #......
#.......# #......
#....#### #......
#....'..## #......
########.# #......
#@....)## #......
#J####### #......
#.J ####### #.. #..
#.. #.P #..


You could see a jelly and an endoplasm.

Vanquished Creatures
  A jelly (D:2)
  A ribbon worm (D:2)
  3 ball pythons (D:1)
  6 endoplasms
  2 giant cockroaches (D:1)
  4 goblins (D:1)
  3 hobgoblins
  4 bats
  2 frilled lizards (D:1)
  10 kobolds
  4 rats (D:1)
40 creatures vanquished.

Notes
Turn   | Place    | Note
-------+----------+-------------------------------------------
     0 | D:1      | qw the Deep Elf Hunter began the quest for the Orb.
     0 | D:1      | Reached XP level 1. HP: 12/12 MP: 3/3
     0 | D:1      | 0 ||| qw: Version: 0.3-a-155-g5e7d8dd
     0 | D:1      | 0 ||| qw: Game counter: 3293
     0 | D:1      | 0 ||| qw: Melee chars always use a shield: true
     0 | D:1      | 0 ||| qw: God list: Okawaru
     0 | D:1      | 0 ||| qw: Allow faded altars: false
     0 | D:1      | 0 ||| qw: Do Orc after clearing Dungeon:15 true
     0 | D:1      | 0 ||| qw: Do second Lair branch before Depths: true
     0 | D:1      | 0 ||| qw: Lair rune preference: random
     0 | D:1      | 0 ||| qw: Goals: Normal
     0 | D:1      | 0 ||| PLANNING D:1-11
   131 | D:1      | Reached XP level 2. HP: 16/16 MP: 4/4
   196 | D:1      | Reached skill level 6 in Ranged Weapons
   238 | D:1      | Found Zojom's Book Emporium.
   426 | D:1      | 426 ||| UPGRADING to +0 pair of gloves.
   431 | D:1      | 431 ||| UPGRADING to +0 ring mail.
   441 | D:1      | 441 ||| DROPPING +0 leather armour.
   442 | D:1      | 442 ||| DROPPING ring of flight.
   443 | D:1      | 443 ||| READING scroll labelled GIFOTSUIBI.
   444 | D:1      | 444 ||| DROPPING scroll of butterflies.
   525 | D:2      | Reached XP level 3. HP: 20/20 MP: 5/5
   597 | D:2      | HP: 5/20 [kobold/+0 dagger (1)]
   602 | D:2      | HP: 4/20 [kobold/+0 club (1)]
   710 | D:2      | Reached skill level 7 in Ranged Weapons
   710 | D:2      | Reached XP level 4. HP: 15/25 MP: 6/6
   716 | D:2      | HP: 6/25 [frozen (3)]
   721 | D:2      | HP: 2/25 [jelly (3)]
   721 | D:2      | Splashed by a jelly's acid

Levels and vault maps discovered:
D:1:      tarquinn_simple_flora_water_c, layout_rooms, serial_shops, shop
D:2:      cheibrodos_fertilizer, layout_basic

Skill      XL: |  1  2  3 |
---------------+----------+-----
Ranged Weapons | 6 7 |  7.5
Fighting       | |  1.5
Dodging        | |  2.4
Stealth        | |  1.2

Action                     |  1- 3 |  4- 6 || total
---------------------------+-------+-------++-------
   Fire: Shortbow          |    81 |    12 ||    93
    Use: Scroll            |     1 |       ||     1
 Armour: Leather armour    |     3 |       ||     3
         Ring mail         |    30 |     3 ||    33
  Dodge: Dodged            |    24 |     4 ||    28

Table legend:
 A = Non-vault XP
 B = Vault XP
 C = Vault XP percentage of total XP
 D = Non-vault monster count
 E = Vault monster count
 F = Vault count percentage of total count
                 A         B        C        D         E       F
            +---------+---------+-------+---------+---------+-------
      Total |      45 |      61 |  57.5 |      27 |      13 |  32.5
            +---------+---------+-------+---------+---------+-------
        D:1 |      36 |       0 |   0.0 |      24 |       0 |   0.0
        D:2 |       9 |      61 |  87.1 |       3 |      13 |  81.2
            +---------+---------+-------+---------+---------+-------
